 Dungeon Crawl Stone Soup version 0.28.0-1-gb440e238dd (webtiles) character file.

Game seed: 5792566274268572685

1073 Zeldest the Insei (level 8, -10/42 HPs)
             Began as a Vine Stalker Transmuter on Feb 24, 2022.
             Was an Initiate of Gozag.
             Mangled by Harold (18 damage)
             ... on level 7 of the Dungeon.
             The game lasted 00:07:38 (1483 turns).

Zeldest the Insei (Vine Stalker Transmuter)         Turns: 1483, Time: 00:07:39

Health: -10/42     AC:  3    Str: 11 (14) XL:     8   Next: 29%
Magic:  0/21       EV: 16    Int: 10 (13) God:    Gozag
Gold:   577        SH:  0    Dex: 13 (16) Spells: 8/11 levels left

rFire   . . .      SeeInvis .     - Unarmed
rCold   . . .      Faith    .   (no shield)
rNeg    . . .      Spirit   +   a - +0 robe
rPois   .          Reflect  .   (helmet currently unavailable)
rElec   .          Harm     .   (no cloak)
rCorr   .          Rampage  .   o - +0 pair of gloves
Will    +....                   (boots currently unavailable)
Stlth   +.........              (no amulet)
HPRegen 0.94/turn               e - +4 ring of evasion
MPRegen 0.17/turn               f - ring of magical power

@: appendages, marked, attractive
A: horns 2, talons 2, fangs 3, regeneration 1, magic shield, antimagic bite, no
potion heal 2
a: End Transformation, Renounce Religion, Potion Petition, Call Merchant, Bribe
Branch


You were on level 7 of the Dungeon.
You worshipped Gozag.
Gozag was pleased with you.
You had temporarily grown beastly horns and talons.
You visited 1 branch of the dungeon, and saw 7 of its levels.
You also visited: Sewer.

You collected 577 gold pieces.

Inventory:

Armour
 a - a +0 robe (worn)
 b - a +0 pair of boots (melded)
 o - a +0 pair of gloves (worn)
Jewellery
 e - a +4 ring of evasion (left hand)
 f - a ring of magical power (right hand)
Wands
 t - a wand of flame (25)
Scrolls
 c - 2 scrolls of teleportation
 d - a scroll of torment {unknown}
 g - 3 scrolls of identify {unknown}
 h - a scroll of enchant weapon {unknown}
 l - 2 scrolls of amnesia {unknown}
 n - a scroll of immolation {unknown}
 r - a scroll of blinking {unknown}
 s - a scroll of magic mapping {unknown}
Potions
 i - a potion of invisibility {unknown}
 k - 2 potions of heal wounds
 m - a potion of attraction
 p - a potion of haste


   Skills:
 + Level 4.8 Fighting
 - Level 1.5 Dodging
 + Level 6.1 Unarmed Combat
 - Level 2.1 Spellcasting
 + Level 5.6 Transmutations
 + Level 1.8 Earth Magic


You had 8 spell levels left.
You knew the following spells:

 Your Spells              Type           Power      Damage    Failure   Level
a - Beastly Appendage     Tmut           24%        N/A       3%          1
b - Wereblood             Tmut           12%        N/A       4%          2

Your spell library contained the following spells:

 Spells                   Type           Power      Damage    Failure   Level
 Spider Form              Tmut/Pois      6%         N/A       28%         3
 Dazzling Flash           Conj/Hex       2%         N/A       67%         3
 Ice Form                 Ice/Tmut       6%         N/A       67%         4
 Alistair's Intoxication  Tmut/Pois      4%         N/A       95%         5
 Borgnjor's Vile Clutch   Necr/Erth      1%         N/A       99%         5
 Agony                    Necr           1%         N/A       100%        5
 Silence                  Hex/Air        0%         N/A       100%        5
 Eringya's Noxious Bog    Tmut/Pois      3%         N/A       100%        6


Dungeon Overview and Level Annotations

Branches:
Dungeon (7/15)              Sewer (visited)
 Temple: D:4-7

Altars:
Gozag
Hepliaklqana
Trog

Annotations:
D:7 Harold


Innate Abilities, Weirdness & Mutations

You have temporarily grown beastly horns and talons.
You have razor-sharp teeth.
Your natural rate of healing is unusually fast.
When hurt, damage is shared between your health and your magic reserves.
Your bite disrupts and absorbs the magic of your enemies.
Potions cannot restore your health.


Message History

The harpoon shot hits you!!
You are yanked forward by the harpoon shot.
Found a stone staircase leading up.
Casting: Wereblood (safe; 3% risk of failure)
Confirm with . or Enter, or press ? or * to list all spells.
You grow a pair of large bovine horns.
Your feet morph into talons.
Your +0 pair of boots melds into your body.
Harold hits you with a +0 scimitar.
It was a potion of heal wounds.
That seemed strangely inert.
Harold hits you with a +0 scimitar!
Okay, then.
You hit Harold but do no damage. Your headbutt misses Harold.
Harold closely misses you.
Okay, then.
You closely miss Harold. You claw Harold. You headbutt Harold.
Your bite misses Harold.
Harold is lightly wounded.
Harold closely misses you.
Okay, then.
You hit Harold but do no damage. Your kick misses Harold.
You headbutt Harold, but do no damage. Your bite misses Harold.
Harold is lightly wounded.
Harold hits you with a +0 scimitar.
You hit Harold. You claw Harold.
Harold is lightly wounded.
Harold pauses a moment, imagining something with a smile on his face.
Harold hits you with a +0 scimitar!!
* * * LOW HITPOINT WARNING * * *
It was a potion of attraction.
You feel attractive to monsters.
Harold drinks a potion.
Harold seems to speed up.
It was a potion of degeneration.
There was something very wrong with that liquid.
You feel weakened.
You feel dopey.
You feel clumsy.
Harold points at you and mumbles some strange words.
The mark upon you grows brighter.
It was a potion of curing.
That felt strangely inert.
Harold hits you with a +0 scimitar!!
You die...
Your body crumbles into a pile of gold.

#### ##...## ##.....##
#......<# #### .
#....@..######...# ..
#.....@.##......# #..
##.........#..###### ...
................<...####
#.
###+##...###.###........
#...###.# #####'###
#####...####≈≈≈.≈≈≈
#......#≈8...8≈ ##
#......#≈.....≈ .#
#......)..[....


You could see Harold (fast).

Vanquished Creatures
  Menkaure (D:6)
  A sky beast (D:5)
  A hornet zombie (D:7)
  A necrophage (D:5)
  An ogre (D:5)
  A centaur (D:7)
  A kobold brigand (D:6)
  A bullfrog (D:7)
  2 scorpions
  A wight (D:7)
  A centaur skeleton (D:5)
  A jelly (D:7)
  3 hounds
  6 adders
  A river rat (Sewer)
  An adder skeleton (D:5)
  2 dart slugs
  2 endoplasms (D:3)
  A giant cockroach (D:1)
  2 goblins
  A hobgoblin (D:1)
  3 jackals (D:2)
  2 quokkas
  7 ball pythons
  3 frilled lizards (Sewer)
  7 kobolds
  8 rats
62 creatures vanquished.

Notes
Turn   | Place    | Note
-------+----------+-------------------------------------------
     0 | D:1      | Zeldest the Vine Stalker Transmuter began the quest for the
                  | Orb.
     0 | D:1      | Reached XP level 1. HP: 9/9 MP: 4/4
    60 | D:1      | Reached skill level 1 in Fighting
   196 | D:1      | Reached XP level 2. HP: 14/14 MP: 6/6
   208 | D:1      | Learned a level 2 spell: Wereblood
   262 | D:2      | Found a faded altar of an unknown god.
   267 | D:2      | Prayed at the altar of an unknown god.
   267 | D:2      | Became a worshipper of Gozag Ym Sagoz the Greedy
   438 | D:3      | Reached XP level 3. HP: 7/18 MP: 4/7
   466 | D:3      | Gained mutation: Your natural rate of healing is unusually
                  | fast. [Vine Stalker growth]
   466 | D:3      | Reached XP level 4. HP: 3/23 MP: 2/8
   606 | D:4      | Found a glowing drain.
   651 | Sewer    | Entered a sewer
   774 | Sewer    | Reached skill level 4 in Unarmed Combat
   774 | Sewer    | Reached XP level 5. HP: 24/27 MP: 9/9
   958 | D:5      | Entered Level 5 of the Dungeon
   973 | D:5      | Noticed an acid dragon
  1027 | D:5      | Noticed a necrophage
  1041 | D:5      | Killed a necrophage
  1042 | D:5      | Reached XP level 6. HP: 31/32 MP: 10/10
  1110 | D:5      | Reached skill level 5 in Unarmed Combat
  1134 | D:5      | Found a hazy altar of Hepliaklqana.
  1166 | D:5      | Noticed a sky beast
  1178 | D:5      | Killed a sky beast
  1179 | D:5      | Reached XP level 7. HP: 37/37 MP: 11/11
  1184 | D:6      | Noticed Menkaure
  1202 | D:6      | Killed Menkaure
  1203 | D:6      | Reached skill level 5 in Transmutations
  1245 | D:6      | Found a bloodstained altar of Trog.
  1309 | D:7      | Gained mutation: You have razor-sharp teeth. [Vine Stalker
                  | growth]
  1309 | D:7      | Reached XP level 8. HP: 31/42 MP: 12/12
  1337 | D:7      | Reached skill level 1 in Earth Magic
  1423 | D:7      | Reached skill level 6 in Unarmed Combat
  1473 | D:7      | Noticed Harold
  1483 | D:7      | Mangled by Harold

Illustrated notes

Levels and vault maps discovered:
D:1:      dpeg_arrival_rooms_b, layout_loops_ring, minmay_misc_feat_tiny,
          corner_web_ring
D:2:      layout_basic, shapermc_ecumenical_altar_acropolis,
          minmay_misc_feat_four_crosses, kennysheep_generic_room_3
D:3:      layout_basic, serial_shops, nicolae_shop_behind_doors,
          wad_floor_pattern_2
D:4:      layout_loops_ring, minmay_temple_entry_statues,
          cheibrodos_sewer_entry_drain, lemuel_flame_loot_1
D:5:      layout_basic, kennysheep_mini, st_stairs_9, corexii_hall_statues_s
D:6:      layout_rooms, nicolae_overflow_crystal_walls, uniq_menkaure
D:7:      minmay_chambers_of_sevens, layout_rooms, kennysheep_small_square,
          uniq_harold

Skill      XL: |  1  2  3  4  5  6  7  8 |
---------------+-------------------------+-----
Fighting       | 1 2 3 4 |  4.8
Transmutations | 3 4 5 |  5.6
Unarmed Combat | 4 5 6 |  6.1
Earth Magic    | 1 |  1.8
Dodging        | |  1.5
Spellcasting   | |  2.1

Action                   |  1- 3 |  4- 6 |  7- 9 || total
-------------------------+-------+-------+-------++-------
Melee: Unarmed           |    53 |    94 |    56 ||   203
       Bite              |    10 |    21 |    16 ||    47
       Kick              |     7 |    18 |    10 ||    35
       Punch             |     2 |     4 |     1 ||     7
       Headbutt          |     3 |     6 |     9 ||    18
 Cast: Beastly Appendage |     7 |    12 |     6 ||    25
       Wereblood         |       |     6 |     2 ||     8
  Use: Potion            |       |       |     4 ||     4
       Scroll            |       |       |     1 ||     1
 Stab: Distracted        |     1 |       |     1 ||     2
Armor: Robe              |    10 |    17 |     3 ||    30
Dodge: Dodged            |    24 |    76 |    48 ||   148
